 Dungeon Crawl Stone Soup version 0.30.0-2-g1aa4bd4387 (webtiles) character file.

Game seed: 7047889521288484198

204 Acheron the Caller (level 5, -3/37 HPs)
             Began as a Vampire Summoner on May 7, 2023.
             Was a Follower of Nemelex Xobeh.
             Slain by a mummy (13 damage)
             ... in an ossuary.
             The game lasted 00:15:41 (2383 turns).

Acheron the Caller (Vampire Summoner)               Turns: 2383, Time: 00:15:43

Health: -3/37      AC:  2    Str:  9    XL:     5   Next: 52%
Magic:  8/9        EV: 13    Int: 17    God:    Nemelex Xobeh [*.....]
Gold:   153        SH:  0    Dex: 15    Spells: 4/10 levels left

rFire   . . .        i - +0 short sword (freeze)
rCold   . . .        (no shield)
rNeg    . . .        a - +0 robe
rPois   .            (no helmet)
rElec   .            (no cloak)
rCorr   .            (no gloves)
SInv    +            (no boots)
Will    .....        (no amulet)
Stlth   +++          (no ring)
HPRegen 0.46/turn    (no ring)
MPRegen 0.11/turn

%: no passive effects
@: marked, healing quickly
A: alive, fangs 3, see invisible, vampiric 2
a: Exsanguinate, Renounce Religion, Draw Escape, Draw Destruction, Draw
Summoning


You were in an ossuary.
You worshipped Nemelex Xobeh.
Nemelex Xobeh was aware of your devotion.
You visited 1 branch of the dungeon, and saw 5 of its levels.
You also visited: Ossuary.

You collected 153 gold pieces.

Inventory:

Hand Weapons
 h - a +0 long sword of protection
 i - a +0 short sword of freezing (weapon)
 m - a +0 dagger of speed
Missiles
 e - a throwing net
 o - 3 boomerangs
Armour
 a - a +0 robe (worn)
 p - a +0 leather armour
Magical Staves
 s - a staff of death
Jewellery
 l - an amulet of magic regeneration
Scrolls
 d - a scroll of fear
 q - a scroll of torment {unknown}
Potions
 b - 2 potions of magic
 c - a potion of ambrosia
 f - a potion of heal wounds
 g - 2 potions of haste
 j - 2 potions of curing
 n - 2 potions of berserk rage
 r - a potion of attraction {unknown}


   Skills:
 * Level 1.2 Fighting
 * Level 2.3 Short Blades
 * Level 3.0 Dodging
 * Level 4.3 Stealth
 * Level 3.0 Spellcasting
 + Level 4.8 Summonings


You had 4 spell levels left.
You knew the following spells:

 Your Spells              Type           Power      Damage    Failure   Level
a - Summon Small Mammal   Summ           72%        N/A       2%          1
b - Call Imp              Summ           36%        N/A       3%          2
c - Call Canine Familiar  Summ           18%        N/A       8%          3

Your spell library contained the following spells:

 Spells                   Type           Power      Damage    Failure   Level
 Summon Guardian Golem    Hex/Summ       10%        N/A       21%         3
 Summon Lightning Spire   Summ/Air       10%        N/A       54%         4
 Malign Gateway           Summ/Tloc      5%         N/A       100%        7
 Summon Horrible Things   Summ           9%         N/A       100%        8


Dungeon Overview and Level Annotations

Branches:
Dungeon (5/15)            Ossuary (1/1)
 Temple: D:4-7

Altars:
Nemelex Xobeh
Qazlal

Shops:
D:2 [:   D:3 =

Annotations:
D:4 Blork the orc, Eustachio


Innate Abilities, Weirdness & Mutations

Your natural rate of healing is accelerated.
You have razor-sharp teeth.
You have supernaturally acute eyesight. (SInv)
You are afflicted with vampirism and can become a bat while bloodless.


Message History

Your cerulean imp hits the kobold zombie with a -3 spear.
The centaur zombie hits you. The centaur zombie barely misses you.
You hit the centaur zombie.
The centaur zombie is lightly damaged.
The kobold zombie misses your cerulean imp.
The centaur zombie hits you.
* * * LOW HITPOINT WARNING * * *
The centaur zombie kicks you.
* * * LOW HITPOINT WARNING * * *
Your cerulean imp hits the kobold zombie but does no damage.
What are your orders? t - Shout!
Orders for allies: a - Attack new target. r - Retreat! s - Stop attacking. g - Guard the area. f - Follow me.
Anything else - Cancel.
Gang up on whom?
Press: ? - help, Dir - move target, f - mummy
Aim: a mummy Attack!
The hobgoblin zombie hits your cerulean imp but does no damage.
The centaur zombie closely misses you. The centaur zombie kicks you.
* * * LOW HITPOINT WARNING * * *
The kobold zombie hits your cerulean imp but does no damage.
Your cerulean imp hits the mummy but does no damage.
As you read the scroll of identify, it crumbles to dust.
n - 2 potions of berserk rage The centaur zombie hits you but does no damage.
The centaur zombie kicks you.
* * * LOW HITPOINT WARNING * * *
The hobgoblin zombie misses your cerulean imp.
Your cerulean imp hits the mummy with a -3 spear.
You hit the mummy.
The mummy is moderately damaged.
The centaur zombie barely misses you. The centaur zombie misses you.
The kobold zombie hits your cerulean imp.
The hobgoblin zombie closely misses your cerulean imp.
The mummy hits you!
You die...
Your body disappears without a glow.

#...##############...#
#...# #...# #...#
#...# #...# #...#
#...####+.... #...#
#...#.....∩.# #...#
#...#.......# #...#
#...#.......# #...#
#...#.....ZZ####.#...#
#...#.....ZZM@ZZZ#...#
#...#.####Z5####.#...#
#...# #^.# #...# #...#
#..# #...#
#...######^.######...#
#....................#
#........8..8........#
#....................#
#....................#


You could see a mummy, an adder zombie, 2 hobgoblin zombies, a kobold zombie
(ally target), an orc zombie, an elf zombie, a centaur zombie, a human zombie
and a friendly cerulean imp (summoned).

Vanquished Creatures
  A scorpion (D:4)
  Natasha (D:2)
  A mummy (Ossuary)
  An adder (D:2)
  A worm (D:3)
  6 orcs
  4 endoplasms
  A giant cockroach (D:1)
  6 hobgoblins
  2 ball pythons
  A frilled lizard (D:1)
  3 goblins
  3 hobgoblin zombies (Ossuary)
  A jackal zombie (Ossuary)
  2 kobolds
  4 kobold zombies (Ossuary)
  2 orc zombies (Ossuary)
  3 rats
43 creatures vanquished.

Vanquished Creatures (collateral kills)
  3 gnolls (D:4)
  2 ball pythons (D:2)
  2 goblins (D:1)
  2 hobgoblins
  3 frilled lizards
  4 hobgoblin zombies (Ossuary)
  6 kobold zombies (Ossuary)
  3 orc zombies (Ossuary)
25 creatures vanquished.

Grand Total: 68 creatures vanquished

Notes
Turn   | Place    | Note
-------+----------+-------------------------------------------
     0 | D:1      | Acheron the Vampire Summoner began the quest for the Orb.
     0 | D:1      | Reached XP level 1. HP: 13/13 MP: 3/3
     7 | D:1      | Noticed a merfolk zombie
   192 | D:2      | Found Sulusiug's Book Shoppe.
   321 | D:3      | Reached XP level 2. HP: 15/19 MP: 3/5
   391 | D:2      | Found Yghoza's Armour Shop.
   605 | D:1      | Found a faded altar of an unknown god.
   784 | D:1      | Learned a level 2 spell: Call Imp
   990 | D:2      | Gained mutation: You are afflicted with vampirism and can
                  | become a bat while bloodless. [Vampire growth]
   990 | D:2      | Reached XP level 3. HP: 24/24 MP: 4/6
  1009 | D:2      | Reached skill level 1 in Short Blades
  1190 | D:2      | Noticed Natasha
  1196 | D:2      | Killed Natasha
  1363 | D:3      | Found a stormy altar of Qazlal.
  1418 | D:3      | Reached XP level 4. HP: 31/31 MP: 5/7
  1427 | D:3      | Found a sparkling altar of Nemelex Xobeh.
  1431 | D:3      | Became a worshipper of Nemelex Xobeh the Trickster
  1752 | D:3      | Found Qenwup's Jewellery Shoppe.
  2051 | D:4      | Noticed Blork the orc
  2071 | D:4      | Learned a level 3 spell: Call Canine Familiar
  2096 | D:4      | Noticed a scorpion
  2109 | D:4      | Killed a scorpion
  2110 | D:4      | Reached skill level 1 in Fighting
  2110 | D:4      | Reached XP level 5. HP: 15/37 MP: 9/9
  2171 | D:4      | Noticed Eustachio
  2182 | D:5      | Entered Level 5 of the Dungeon
  2210 | D:5      | Found a sand-covered staircase.
  2223 | Ossuary  | Entered an ossuary
  2354 | Ossuary  | Reached * piety under Nemelex Xobeh
  2383 | Ossuary  | Slain by a mummy

Illustrated notes

Levels and vault maps discovered:
D:1:      shiori_arrival_whats_in_store_for_you, layout_basic,
          ebering_ecumenical_altar_rust, kennysheep_decorative_pillar
D:2:      minmay_alternating_diamond, layout_basic, serial_shops,
          nicolae_shop_pleasant_corner_grove, shop, shop,
          kennysheep_generic_room_12, uniq_natasha
D:3:      layout_basic, nemelex_dance_club_becter, general_overflow_altar,
          serial_shops, nicolae_lakefront_shop
D:4:      layout_basic, uniq_robin, uniq_blork_the_orc, uniq_eustachio
D:5:      layout_gridville, mainiacjoe_overflow_boulevard,
          nicolae_ossuary_entry_ruins
Ossuary:  ossuary_tomb_1

Skill      XL: |  1  2  3  4  5 |
---------------+----------------+-----
Short Blades   | 1 2 |  2.3
Fighting       | 1 |  1.2
Stealth        | 4 |  4.3
Spellcasting   | 3 |  3.0
Dodging        | 3 |  3.0
Summonings     | |  4.8

Action                     |  1- 3 |  4- 6 || total
---------------------------+-------+-------++-------
  Melee: Dagger            |    20 |       ||    20
         Unarmed           |     4 |       ||     4
         Short sword       |    53 |   115 ||   168
         Bite              |     5 |    10 ||    15
         Punch             |       |     1 ||     1
   Cast: Summon Small Mamm |    24 |     2 ||    26
         Call Imp          |       |     9 ||     9
    Use: Scroll            |     2 |     5 ||     7
   Stab: Sleeping          |     1 |     3 ||     4
         Distracted        |     1 |       ||     1
 Armour: Robe              |    15 |    26 ||    41
  Dodge: Dodged            |    37 |    84 ||   121
